cohdb
Replays
Latest Replays
All Replays
Popular Replays
Top Player Replays
Match Explorer
How It Works
Community
CoH3 Stats
Reddit
Sign in to upload your games and track your stats! →
Sign in with Steam
Match 42208457
Unlisted
Match 42208457
Overview
Messages
Build Orders
End
Construct Weapon Support Center
Selects Armored Battlegroup
Selects Assault Engineers
Assault Engineer Squad
Bazooka Squad
Assault Engineer Squad
Assault Engineer Squad
Mechanized Support Center
M1919 Machine Gun Team
Construct Medical Station
Selects M31 Recovery Vehicle
M3 Armored Personnel Carrier
Assault Engineer Squad
Selects War Machine
Construct Tank Depot
Assault Engineer Squad
Assault Engineer Squad
M1919 Machine Gun Team
Bazooka Squad
M4(105) Sherman Bulldozer
Bazooka Squad
Selects Strength in Steel
Improved M9 Bazooka Rockets
Assault Engineer Squad
M1919 Machine Gun Team
Selects Seek and Destroy
Selects UNKNOWN (2160077)
M4(105) Sherman Bulldozer
Weebanori
Nicilobster
Oier
2908027075
kenleung
WastedMetalProductions
Globalnaya
Vida
0
0
Comments
sign in to comment!
No comments posted yet!